 Dungeon Crawl Stone Soup version 0.24.0-13-gcf9b319 (webtiles) character file.

Game seed: 7194951610715911303, levelgen mode: deterministic

164 Boetheseconed the Insei (level 5, -11/41 HPs)
             Began as a Demonspawn Monk on Dec 14, 2019.
             Splashed by Ijyb's acid (18 damage)
             ... on level 3 of the Dungeon.
             The game lasted 00:11:18 (2841 turns).

Boetheseconed the Insei (Demonspawn Monk)           Turns: 2841, Time: 00:11:18

Health: -11/41     AC:  1    Str: 12    XL:     5   Next: 21%
Magic:  5/5        EV: 19    Int: 11    God:
Gold:   123        SH:  0    Dex: 21    Spells: 4/4 levels left

rFire    . . .     SeeInvis .     - Unarmed
rCold    . . .     Gourm    .   (no shield)
rNeg     . . .     Faith    .   a - +0 robe
rPois    .         Spirit   .   (no helmet)
rElec    .         Reflect  .   (no cloak)
rCorr    .         Harm     .   h - +0 pair of gloves
MR       .....                  (no boots)
Stlth    +++++.....             (no amulet)
HPRegen  0.13/turn              (no ring)
MPRegen  0.09/turn              (no ring)

@: agile, corroded
A: molten scales 1, nightstalker 1
a: no special abilities


You were on level 3 of the Dungeon.
You were not hungry.

You visited 1 branch of the dungeon, and saw 3 of its levels.

You collected 123 gold pieces.

Inventory:

Armour
 a - a +0 robe (worn)
 h - a +0 pair of gloves (worn)
Wands
 o - a wand of random effects (17)
 p - a wand of polymorph (7)
Scrolls
 e - a scroll of remove curse {unknown}
 f - 7 scrolls of identify
 g - a scroll of amnesia
Potions
 i - 3 potions of agility
 j - 2 potions of lignification {unknown}
 k - a potion of haste {unknown}
 l - a potion of might {unknown}
 n - 3 potions of curing
Comestibles
 b - 11 rations
 c - 11 chunks of flesh


   Skills:
 + Level 3.6 Fighting
 + Level 3.1 Dodging
 + Level 2.8 Stealth
 + Level 4.3 Unarmed Combat


You had 4 spell levels left.
You didn't know any spells.
Your spell library was empty.

Dungeon Overview and Level Annotations

Branches:
Dungeon (3/15)

Altars:
Cheibriados
Elyvilon
Nemelex Xobeh

Annotations:
D:3 Ijyb, Terence


Innate Abilities, Weirdness & Mutations

You are partially covered in molten scales. (AC +2)
You are slightly more attuned to the shadows.


Message History

The jelly hits you but does no damage.
You hit the jelly.
Your hands burn!
* * * LOW HITPOINT WARNING * * *
The jelly is lightly wounded.
Ijyb zaps a wand.
The bolt of acid hits the jelly.
The jelly completely resists.
The bolt of acid misses you. The jelly completely misses you.
It was a potion of heal wounds.
You feel much better. The jelly misses you.
You barely miss the jelly. Your punch misses the jelly.
The jelly is lightly wounded.
The jelly completely misses you.
You hit the jelly.
Your hands burn!
The jelly is moderately wounded.
Ijyb barely misses you.
You hit the jelly.
Your hands burn!
The jelly is heavily wounded.
The jelly misses you.
Ijyb zaps a wand.
The bolt of acid hits you!
* * * LOW HITPOINT WARNING * * *
The acid corrodes you!
You are splashed with acid!!
You die...

# ##.....########.####.###.......
# ##.#.## #<.....# #..####. #
##..## #.##.#.###..####. ####
#...# #.........#.##... ...#
#...# #..............#. ...#
#...# #§####..###...).. ...#
#...# #§####..# #####.# ####
#...########g.§§§..# #.# ##
#...##.....@J####.########.#
.#####...##.#####§#...........#.#
........(.... #§#...$#......#..
............. ..........>...###
÷............. #!#....#......#
.#####...##.## # #...........# ##
..#..#.. ###>.######## .###.#
#.## ..#..# #.


You could see Ijyb and a jelly.

Vanquished Creatures
  Natasha (thrice) (D:3)
  An adder (D:3)
  2 oozes
  A worm (D:2)
  3 dart slugs (D:1)
  3 leopard geckos
  6 orcs (D:3)
  A giant cockroach (D:3)
  4 goblins
  5 hobgoblins
  7 jackals (D:1)
  A quokka (D:2)
  7 bats
  3 frilled lizards
  4 kobolds (D:1)
  5 rats
56 creatures vanquished.

Notes
Turn   | Place    | Note
-------+----------+-------------------------------------------
     0 | D:1      | Boetheseconed the Demonspawn Monk began the quest for the
                  | Orb.
     0 | D:1      | Reached XP level 1. HP: 18/18 MP: 1/1
   464 | D:1      | Reached skill level 3 in Unarmed Combat
   464 | D:1      | Gained mutation: You are partially covered in molten
                  | scales. (AC +2) [demonic ancestry]
   464 | D:1      | Reached XP level 2. HP: 6/24 MP: 2/2
  1238 | D:1      | Gained mutation: You are slightly more attuned to the
                  | shadows. [demonic ancestry]
  1238 | D:1      | Reached XP level 3. HP: 16/29 MP: 3/3
  1518 | D:2      | Found a snail-covered altar of Cheibriados.
  1576 | D:2      | Found a white marble altar of Elyvilon.
  2160 | D:3      | Noticed Natasha
  2177 | D:3      | Killed Natasha
  2177 | D:3      | Reached XP level 4. HP: 22/36 MP: 4/4
  2236 | D:3      | Noticed Natasha
  2250 | D:3      | Killed Natasha
  2250 | D:3      | Reached skill level 4 in Unarmed Combat
  2558 | D:3      | Noticed Terence
  2622 | D:3      | Found a sparkling altar of Nemelex Xobeh.
  2704 | D:3      | Noticed Natasha
  2716 | D:3      | Killed Natasha
  2716 | D:3      | Reached XP level 5. HP: 33/41 MP: 5/5
  2818 | D:3      | Noticed Ijyb
  2841 | D:3      | Splashed by Ijyb's acid

Levels and vault maps discovered:
D:1:      minmay_arrival_jagged, layout_rooms
D:2:      layout_rooms, cheibriados_altar_1, overflow_temple_1_default,
          kennysheep_boxes
D:3:      layout_loops_cross, nemelex_dance_club_becter, uniq_terence,
          uniq_ijyb, uniq_natasha

Skill      XL: |  1  2  3  4 |
---------------+-------------+-----
Unarmed Combat | 3 4 |  4.3
Stealth        | 2 |  2.8
Dodging        | 3 |  3.1
Fighting       | |  3.6

Action                   |  1- 3 |  4- 6 || total
-------------------------+-------+-------++-------
Melee: Unarmed           |   163 |    75 ||   238
       Punch             |     1 |     2 ||     3
  Use: Scroll            |     2 |     2 ||     4
       Potion            |     1 |     2 ||     3
 Stab: Sleeping          |     6 |     9 ||    15
  Eat: Chunk             |     4 |     2 ||     6
Armor: Robe              |    32 |    13 ||    45
Dodge: Dodged            |    89 |    31 ||   120
